 Dungeon Crawl Stone Soup version 0.28-a0-1292-gb4563b27b3 (webtiles) character file.

Game seed: 15451203160575783464

309 ChaosChampion the Grave Robber (level 6, 41/41 HPs)
             Began as a Mummy Necromancer on Dec 27, 2021.
             Was a Priest of Jiyva.
             Quit the game on level 4 of the Dungeon.
             The game lasted 00:04:21 (3342 turns).

ChaosChampion the Grave Robber (Mummy Necromancer)  Turns: 3342, Time: 00:04:22

Health: 41/41      AC:  9    Str: 11    XL:     6   Next: 17%
Magic:  13/14      EV: 12    Int: 16    God:    Jiyva [***...]
Gold:   97         SH:  0    Dex: 13    Spells: 12/16 levels left

rFire   x . .      SeeInvis .   i - +2 quarterstaff (chaos)
rCold   + . .      Faith    .   (shield currently unavailable)
rNeg    + + +      Spirit   .   a - +0 robe
rPois   ∞          Reflect  .   h - +0 helmet
rElec   .          Harm     .   j - +1 cloak
rCorr   +          Rampage  .   (no gloves)
Will    .....                   (no boots)
Stlth   ++........              k - amulet of magic regeneration
HPRegen 1.25/turn               f - +4 ring of protection
MPRegen 0.89/turn               (no ring)

@: no status effects
A: cold resistance 1, negative energy resistance 3, torment resistance 2, heat
vulnerability 1, no potions
a: Renounce Religion, Oozemancy


You were on level 4 of the Dungeon.
You worshipped Jiyva.
Jiyva was most pleased with you.
You visited 1 branch of the dungeon, and saw 4 of its levels.

You collected 97 gold pieces.

Inventory:

Hand Weapons
 i - a +2 quarterstaff of chaos (weapon)
Armour
 a - a +0 robe (worn)
 g - a +0 tower shield
 h - a +0 helmet (worn)
 j - a +1 cloak (worn)
Jewellery
 f - a +4 ring of protection (left hand)
 k - an amulet of magic regeneration (around neck)
Scrolls
 c - 2 scrolls of teleportation


   Skills:
 - Level 1.6 Dodging
 - Level 1.6 Stealth
 + Level 5.9 Spellcasting
 + Level 6.0 Necromancy


You had 12 spell levels left.
You knew the following spells:

 Your Spells              Type           Power      Damage    Failure   Level
a - Pain                  Necr           92%        1d8       1%          1
b - Vampiric Draining     Necr           23%        2d7       3%          3

Your spell library contained the following spells:

 Spells                   Type           Power      Damage    Failure   Level
 Animate Skeleton         Necr           46%        N/A       1%          1
 Animate Dead             Necr           11%        N/A       12%         4
 Agony                    Necr           23%        N/A       32%         5


Dungeon Overview and Level Annotations

Branches:
Dungeon (4/15)
 Temple: D:4-7

Altars:
Jiyva


Innate Abilities, Weirdness & Mutations

You are immune to poison.
Your flesh is cold resistant. (rC+)
You are immune to negative energy. (rN+++)
You are immune to unholy pain and torment.
You are vulnerable to heat. (rF-)
You do not drink.


Message History

You hear a slurping noise.
Found 5 gold pieces.
You hear a distant slurping noise.
You hear a distant slurping noise.
You hear a distant slurping noise.
You hear a squelching noise.
You now have 97 gold pieces (gained 5).
A giant cockroach comes into view.
You hear a distant slurping noise.
You hear a squelching noise.
You hear a distant slurping noise. x2; You hear a squelching noise.
The giant cockroach bites you but does no damage.
You hear a distant slurping noise.
Casting: Vampiric Draining (dangerous; 3% risk of failure)
Confirm with . or Enter, or press ? or * to list all spells.
Aiming: Vampiric Draining (dangerous; 3% risk of failure)
Press: ? - help, Shift-Dir - straight line, f - giant cockroach
Aim: a giant cockroach You draw life force from the giant cockroach!
You kill the giant cockroach!
A kobold comes into view. It is wielding a +0 dagger of venom.
You hear a distant slurping noise.
You hear a squelching noise.
You hear a distant slurping noise.
You hear a distant slurping noise.
You hit the kobold.
The kobold is poisoned.
The kobold is severely wounded.
You hear a distant slurping noise.
The kobold barely misses you.
Casting: Vampiric Draining (dangerous; 3% risk of failure)
Confirm with . or Enter, or press ? or * to list all spells.
Aiming: Vampiric Draining (dangerous; 3% risk of failure)
Press: ? - help, Shift-Dir - straight line, f - kobold
Aim: a kobold, wielding a +0 dagger of venom (severely wounded, very poisoned)
You draw life force from the kobold.
You kill the kobold!
You hear a distant slurping noise.
Your Necromancy skill increases to level 6!
Casting: Vampiric Draining (dangerous; 3% risk of failure)
Confirm with . or Enter, or press ? or * to list all spells.
You can't see any susceptible monsters within range! (Use Z to cast anyway.)
Okay, then.
Are you sure you want to abandon this character and quit the game? (Confirm with "yes".)

#.........#
#.........#
#.........#
####...####
#...#
##...####
#.......#
#...)...#
#.....@.#
#..........#
#.............
#.............
#.............
##########....
.... ###


There were no monsters in sight!

Vanquished Creatures
  A gnoll shaman (D:3)
  Crazy Yiuf (D:3)
  Terence (D:2)
  An orc wizard (D:4)
  A scorpion zombie (D:3)
  4 gnolls (D:3)
  6 adders
  2 worms
  3 dart slugs
  2 orcs
  3 endoplasms (D:1)
  3 giant cockroaches
  13 goblins
  7 hobgoblins
  6 jackals (D:2)
  3 quokkas
  3 ball pythons
  5 bats
  3 frilled lizards
  5 kobolds
  2 rats
75 creatures vanquished.

Vanquished Creatures (others)
  An orc wizard (D:4)
  2 adders
  2 orcs (D:4)
  3 endoplasms
  2 giant cockroaches (D:2)
  A goblin (D:4)
  2 hobgoblins
  A kobold (D:1)
  2 quokkas
  3 ball pythons
  A bat (D:1)
  2 rats (D:2)
22 creatures vanquished.

Grand Total: 97 creatures vanquished

Notes
Turn   | Place    | Note
-------+----------+-------------------------------------------
     0 | D:1      | ChaosChampion the Mummy Necromancer began the quest for the
                  | Orb.
     0 | D:1      | Reached XP level 1. HP: 13/13 MP: 4/4
   502 | D:1      | Reached XP level 2. HP: 19/19 MP: 0/6
   750 | D:1      | Found a faded altar of an unknown god.
   827 | D:1      | Prayed at the altar of an unknown god.
   827 | D:1      | Became a worshipper of Jiyva Jauschiu the Shapeless
   827 | D:1      | Reached * piety under Jiyva
  1302 | D:1      | Reached XP level 3. HP: 24/24 MP: 5/8
  1367 | D:2      | Noticed Terence
  1400 | D:2      | Killed Terence
  1461 | D:2      | Reached XP level 4. HP: 29/30 MP: 5/10
  1507 | D:2      | Reached ** piety under Jiyva
  1752 | D:2      | Reached skill level 5 in Necromancy
  2285 | D:3      | Learned a level 3 spell: Vampiric Draining
  2306 | D:3      | Reached XP level 5. HP: 35/35 MP: 9/12
  2319 | D:3      | Reached skill level 5 in Spellcasting
  2723 | D:3      | Found a runed translucent door.
  2724 | D:3      | Noticed Crazy Yiuf
  2730 | D:3      | Killed Crazy Yiuf
  3074 | D:3      | Reached XP level 6. HP: 41/41 MP: 12/14
  3315 | D:4      | Reached *** piety under Jiyva
  3340 | D:4      | Reached skill level 6 in Necromancy
  3342 | D:4      | Quit the game

Illustrated notes

Levels and vault maps discovered:
D:1:      matt_arrival_diagonals, layout_basic, ebering_ecumenical_altar_mist,
          minmay_hexomino_c4
D:2:      minmay_chambers_of_twos, layout_loops_ring, corexii_corridor_pit,
          kennysheep_generic_room_11, uniq_terence
D:3:      kennysheep_the_goblin_king, layout_loops_ring, st_stairs_5,
          nrook_mini_backslash, uniq_crazy_yiuf_cottage
D:4:      layout_basic, portal_sewer_entry_b, minmay_ogre_servants

Skill      XL: |  1  2  3  4  5  6 |
---------------+-------------------+-----
Spellcasting   | 3 4 5 |  5.9
Necromancy     | 5 6 |  6.0
Dodging        | |  1.6
Stealth        | |  1.6

Action                   |  1- 3 |  4- 6 || total
-------------------------+-------+-------++-------
Melee: Unarmed           |       |    66 ||    66
       Quarterstaff      |       |     1 ||     1
 Cast: Pain              |    71 |    84 ||   155
       Vampiric Draining |       |    22 ||    22
  Use: Scroll            |       |     4 ||     4
 Stab: Sleeping          |       |     1 ||     1
Armor: Robe              |     3 |    19 ||    22
Dodge: Dodged            |    27 |    52 ||    79

Table legend: (Time is in decaauts)
 A = Elapsed time spent in this place.
 B = Non-inter-level travel time spent in this place.
 C = Inter-level travel time spent in this place.
 D = Time resting spent in this place.
 E = Time spent auto-exploring this place.
 F = Levels seen in this place.
 G = Mean time per level.
                   A        B        C        D        E       F      G
               +--------+--------+--------+--------+--------+-----+--------+
         Total |   3342 |   3235 |    107 |    203 |   2379 |   4 |  835.5 |
       Dungeon |   3342 |   3235 |    107 |    203 |   2379 |   4 |  835.5 |
               +--------+--------+--------+--------+--------+-----+--------+

Top non-repeatable levels by time:
     D:1: 1356 daAuts
     D:3: 1013 daAuts
     D:2: 886 daAuts
     D:4: 86 daAuts
